 Dungeon Crawl Stone Soup version 0.28.0-53-g5a82cb258f (webtiles) character file.

Game seed: 11818704484129879650

4503 Fartwhistle the Fighter (level 10, -2/77 HPs)
             Began as a Djinni Hedge Wizard on June 11, 2022.
             Was an Initiate of Makhleb.
             Shot with a stone by something (9 damage)
             ... on level 8 of the Dungeon.
             The game lasted 00:27:23 (7491 turns).

Fartwhistle the Fighter (Djinni Hedge Wizard)       Turns: 7491, Time: 00:27:24

Health: -2/77      AC:  6    Str: 11    XL:     10   Next: 65%
Gold:   0          EV: 13    Int: 19    God:    Makhleb [......] SH:  0 Dex: 12

rFire   + + +      SeeInvis .   m - +9 hunting sling of Annihilation {venom, Fly rF+}
rCold   + . .      Faith    .   (no shield)
rNeg    + . .      Spirit   .   v - +2 leather armour {rC+}
rPois   ∞          Reflect  .   c - +0 hat
rElec   .          Harm     .   s - +0 cloak
rCorr   .          Rampage  .   (no gloves)
Will    +....                   (boots unavailable)
Stlth   ++........              r - amulet of regeneration
HPRegen 1.02/turn               u - ring of protection from cold
MPRegen 0.00/turn               G - ring of positive energy

@: flying
A: sickness immunity, fire resistance 2, cold vulnerability 1, float, innate
caster, HP casting, extra vitality 1
a: Renounce Religion


You were on level 8 of the Dungeon.
You worshipped Makhleb.
Makhleb was noncommittal.
You visited 2 branches of the dungeon, and saw 9 of its levels.

You collected 72 gold pieces.
You spent 72 gold pieces at shops.

Inventory:

Hand Weapons
 a - a +0 dagger
 m - the +9 hunting sling of Annihilation (weapon) {venom, Fly rF+}
   (You found it on level 2 of the Dungeon)

   Any ammunition fired from it poisons the flesh of those it strikes.
   rF:        It protects you from fire.
   Fly:       It grants you flight.
Missiles
 l - 118 stones (quivered ammo)
 n - 88 sling bullets
Armour
 b - a +0 robe
 c - a +0 hat (worn)
 s - a +0 cloak (worn)
 v - a +2 leather armour of cold resistance (worn)
Magical Staves
 e - a staff of conjuration
Jewellery
 r - an amulet of regeneration (around neck)
 u - a ring of protection from cold (left hand)
 F - an amulet of faith
 G - a ring of positive energy (right hand)
Wands
 t - a wand of digging (5)
 w - a wand of flame (36)
 C - a wand of polymorph (9)
 K - a wand of iceblast (4)
Scrolls
 d - 3 scrolls of immolation
 f - 4 scrolls of teleportation
 g - 2 scrolls of noise
 p - a scroll of blinking
 x - 5 scrolls of vulnerability {unknown}
 y - 2 scrolls of fear {unknown}
 B - a scroll of fog {unknown}
 I - a scroll of silence {unknown}
 J - 2 scrolls of identify
 L - a scroll of enchant armour {unknown}
Potions
 h - a potion of ambrosia
 i - 2 potions of curing
 o - 2 potions of lignification
 q - 2 potions of heal wounds
 z - 3 potions of invisibility
 A - 2 potions of berserk rage {unknown}
 D - 2 potions of brilliance {unknown}
 E - a potion of flight {unknown}
 H - 2 potions of haste


   Skills:
 + Level 8.7 Fighting
 - Level 6.0 Slings
 - Level 1.0 Armour
 + Level 5.8 Dodging
 - Level 2.0 Stealth
 + Level 6.1 Spellcasting
 - Level 3.0 Evocations


You couldn't memorise any spells.
You knew the following spells:

 Your Spells              Type           Power      Damage    Failure   Level
a - Magic Dart            Conj           100%       1d8       1%          1
b - Blink                 Tloc           58%        N/A       1%          2
c - Call Imp              Summ           29%        N/A       1%          2
d - Slow                  Hex            100%       N/A       1%          1
e - Conjure Flame         Conj/Fire      29%        6-21      3%          3
f - Mephitic Cloud        Conj/Pois/Air  29%        N/A       3%          3
g - Sandblast             Erth           58%        2d13      1%          1
h - Corpse Rot            Necr/Air       58%        N/A       1%          2
i - Searing Ray           Conj           58%        2d6       1%          2
j - Petrify               Tmut/Erth      29%        N/A       12%         4
Your spell library was empty.

Dungeon Overview and Level Annotations

Branches:
Dungeon (8/15)             Temple (1/1) D:7
   Lair: D:8-11

Altars:
Ashenzari
Cheibriados
Dithmenos
Elyvilon
Fedhas
Gozag
Hepliaklqana
Makhleb
Nemelex Xobeh
Okawaru
Qazlal
Ru
Sif Muna
Trog
Vehumet
Xom
Yredelemnul
The Shining One

Shops:
D:4 *?[!   D:8 [

Annotations:
D:3 exclusion: downstairs
D:7 exclusion: 2 downstairs
D:8 Maurice


Innate Abilities, Weirdness & Mutations

You are immune to sickness and miasma.
You are immune to poison.
Your flesh is very heat resistant. (rF++)
You are vulnerable to cold. (rC-)
You float through the air rather than walking.
You learn spells naturally, not from books.
Your magical power is your life essence.
You have superior vitality. (+4 MHP)


Message History

Something hits you.
Something steals 411 gold pieces!
You now have 0 gold pieces.
Maggie misses you. Something hits you. Something steals 46 of your 164 stones!
Aiming: Iceblast
Press: ? - help, Shift-Dir - straight line The mass of ice explodes!
The iceblast engulfs Maggie!!
You are no longer entranced.
You kill Maggie!
Makhleb accepts your kill. Something hits you!
Something steals your amulet of the acrobat!
You closely miss something. Something hits you!
Something groans, "What are you, a monk?"
Something hits you!
* * * LOW HITPOINT WARNING * * *
Something groans, "What are you, a monk?"
Something hits you.
* * * LOW HITPOINT WARNING * * *
Something mutters, "Now where did you hide it?"
You feel much better. Something hits you!
Something mutters, "Now where did you hide it?"
Casting: Mephitic Cloud (dangerous; 3% risk of failure)
Confirm with . or Enter, or press ? or * to list all spells.
Aiming: Mephitic Cloud (dangerous; 3% risk of failure)
Press: ? - help, Shift-Dir - straight line, f - you The ball explodes into a vile cloud!
The stinking cloud engulfs you but does no damage.
The stinking cloud engulfs something but does no damage.
* * * LOW HITPOINT WARNING * * *
Something hits you.
* * * LOW HITPOINT WARNING * * *
Something grunts, "Curses!"
Something hits you!
* * * LOW HITPOINT WARNING * * *
Something groans, "What are you, a monk?"
Blink to where?
Press: ? - help, Dir - move target
As you read the scroll of blinking, it crumbles to dust.
A stone appears from out of thin air!
The stone hits you!
You die...

#######.## #.........### #..#
#...........# #### ##.#
#.........#.# ...########.##
#####.#####.# .............#
#....# #.#
....######.#.#####.#### #.#
..".#.#.........##.########.#
.........:.........(.......>#
......##.#....☼.@#.#.#####.##
.##.#....#..☼§.<##.#.# #.#
.##.######))).○###.#.#####.#
...)...).).).......#.#.....#
.#.#####.#.##.#.#..#.#.#####
.#.......(....#....#.#.#
.#.................#.#.#
......####.#####...#.#.#
.[..... #.# #...)...#####


There were no monsters in sight!

Vanquished Creatures
  Maggie (D:8)
  Joseph (D:8)
  Psyche (D:8)
  Sigmund (D:5)
  Grum (D:8)
  2 ice beasts (D:7)
  An orc warrior (D:7)
  2 sky beasts (D:7)
  A necrophage (D:4)
  2 wolves (D:8)
  A centaur (D:8)
  4 ogres
  A phantom (D:7)
  2 kobold brigands
  2 bullfrogs
  A gnoll sergeant (D:8)
  4 scorpions
  4 killer bees (D:7)
  An electric eel (D:6)
  9 howler monkeys
  A crimson imp (D:7)
  2 centaur zombies (D:8)
  3 bullfrog zombies
  2 orc priests
  2 gnoll shamans
  3 hounds
  A jelly (D:5)
  A bullfrog skeleton (D:5)
  Jessica (D:2)
  2 iguanas
  3 orc wizards
  A hound skeleton (D:4)
  A howler monkey zombie (D:7)
  18 gnolls
  7 adders
  2 shadow imps
  2 ufetubi
  An adder skeleton (D:4)
  2 worms
  3 dart slugs
  14 orcs
  7 ball pythons
  3 bats
  8 endoplasms
  4 giant cockroaches
  6 goblins
  2 hobgoblins
  3 quokkas (D:3)
  2 frilled lizards
  22 kobolds
  6 rats
177 creatures vanquished.

Vanquished Creatures (others)
  10 plants (D:7)
10 creatures vanquished.

Grand Total: 187 creatures vanquished

Notes
Turn   | Place    | Note
-------+----------+-------------------------------------------
     0 | D:1      | Fartwhistle the Djinni Hedge Wizard began the quest for the
                  | Orb.
     0 | D:1      | Reached XP level 1. HP: 15/15 MP: 0/0
   343 | D:1      | Reached XP level 2. HP: 19/21 MP: 0/0
  1598 | D:2      | Reached skill level 1 in Fighting
  1598 | D:2      | Reached XP level 3. HP: 21/27 MP: 0/0
  1598 | D:2      | Learned a level 1 spell: Sandblast
  1679 | D:2      | Identified the +9 hunting sling of Annihilation {venom, Fly
                  | rF+}
  1755 | D:2      | Noticed Jessica
  1759 | D:2      | Killed Jessica
  1760 | D:2      | Reached XP level 4. HP: 33/33 MP: 0/0
  1926 | D:2      | Reached skill level 2 in Fighting
  2281 | D:3      | Found a faded altar of an unknown god.
  2375 | D:3      | Reached skill level 1 in Slings
  2492 | D:3      | Reached XP level 5. HP: 38/38 MP: 0/0
  2492 | D:3      | Learned a level 2 spell: Corpse Rot
  2576 | D:3      | Identified the +2 robe "Wivukieq" {Harm rElec rF- Slay+2}
  2868 | D:4      | Noticed a necrophage
  2872 | D:4      | Reached skill level 1 in Armour
  2926 | D:4      | Noticed an ogre
  2968 | D:4      | Killed a necrophage
  2969 | D:4      | Reached XP level 6. HP: 18/43 MP: 0/0
  3038 | D:4      | Found Fogi's Assorted Antiques.
  3076 | D:4      | Found Plog's Magic Scroll Emporium.
  3084 | D:4      | Found Qepe's Armour Shoppe.
  3135 | D:4      | Bought a scroll of identify for 24 gold pieces
  3135 | D:4      | Bought a scroll of identify for 24 gold pieces
  3135 | D:4      | Bought a scroll of identify for 24 gold pieces
  3243 | D:4      | Killed an ogre
  3244 | D:4      | Reached skill level 3 in Fighting
  3247 | D:4      | Reached XP level 7. HP: 50/50 MP: 0/0
  3247 | D:4      | Learned a level 2 spell: Searing Ray
  3324 | D:4      | Found Nineg's Distillery.
  3377 | D:4      | Found the +8 demon trident "Rift" {distort, reach+}
  3397 | D:4      | You are sucked into a shaft and drop 3 floors!
  3397 | D:7      | Found a hazy altar of Hepliaklqana.
  3416 | D:7      | Reached skill level 4 in Fighting
  3489 | D:7      | Reached XP level 8. HP: 24/58 MP: 0/0
  3512 | D:7      | Reached skill level 5 in Fighting
  3590 | D:6      | Reached skill level 5 in Slings
  3645 | D:5      | Entered Level 5 of the Dungeon
  3852 | D:5      | Found a glowing golden altar of the Shining One.
  3855 | D:5      | Noticed Sigmund
  3857 | D:5      | Killed Sigmund
  3858 | D:5      | Reached skill level 6 in Fighting
  3858 | D:5      | Reached XP level 9. HP: 66/66 MP: 0/0
  3858 | D:5      | Learned a level 4 spell: Petrify
  3860 | D:5      | Found a blossoming altar of Fedhas.
  3864 | D:5      | Found a broken altar of Ashenzari.
  4357 | D:6      | Reached skill level 1 in Evocations
  5075 | D:7      | Reached skill level 7 in Fighting
  5123 | D:7      | Found a staircase to the Ecumenical Temple.
  5151 | D:7      | Reached skill level 5 in Spellcasting
  5152 | Temple   | Entered the Ecumenical Temple
  6382 | D:7      | Found a shimmering altar of Xom.
  6382 | D:7      | Found a burning altar of Makhleb.
  6389 | D:7      | Became a worshipper of Makhleb the Destroyer
  6503 | D:8      | Noticed Maurice
  6541 | D:8      | Noticed Psyche
  6546 | D:8      | Noticed Grum
  6553 | D:8      | Noticed Joseph
  6709 | D:7      | Found an opulent altar of Gozag.
  6711 | D:7      | Found a stormy altar of Qazlal.
  6751 | D:8      | Reached XP level 10. HP: 67/75 MP: 0/0
  6908 | D:8      | Found a sacrificial altar of Ru.
  6954 | D:8      | Killed Grum
  6992 | D:8      | Reached skill level 8 in Fighting
  7030 | D:8      | Killed Psyche
  7031 | D:8      | Reached skill level 5 in Dodging
  7032 | D:8      | Killed Joseph
  7399 | D:8      | Found Visapt's Antique Armour Emporium.
  7449 | D:8      | Noticed Maggie
  7487 | D:8      | Killed Maggie
  7491 | D:8      | Shot with a stone by something

Illustrated notes

Levels and vault maps discovered:
D:1:      scummos_arrival_simple_crosswalls, layout_basic
D:2:      layout_loops_ring, minmay_hedge_maze, uniq_jessica
D:3:      layout_loops_ring, nicolae_ecumenical_oubliette
D:4:      layout_rooms, serial_shops, shop, shop_coins, kennysheep_little_box,
          shop
D:5:      layout_rooms, minitemple, uniq_sigmund
D:6:      layout_loops_ring, minmay_misc_feat_roman,
          nicolae_concentric_dashed_squares_mild, kennysheep_path_1
D:7:      layout_rooms, grunt_temple_overflow_champion_of_chaos,
          nicolae_overflow_hidden_temple, nicolae_hepliaklqana_hazy_memory,
          minmay_temple_entry_butterflies, enter_bailey_8, grunt_ministairs_6,
          serial_bayou_ford_a
D:8:      layout_basic, overflow_temple_1_default, serial_shops, shop,
          uniq_maurice, uniq_joseph, uniq_grum, uniq_maggie, uniq_psyche
Temple:   compressed_dpeg_triangle_lava_temple

Skill      XL: |  1  2  3  4  5  6  7  8  9 10 |
---------------+-------------------------------+-----
Stealth        | 2 |  2.0
Fighting       | 1 2 3 4 6 7 8 |  8.7
Spellcasting   | 3 4 5 6 |  6.1
Slings         | 1 3 4 5 6 |  6.0
Armour         | 1 |  1.0
Evocations     | 3 |  3.0
Dodging        | 3 5 |  5.8

Action                   |  1- 3 |  4- 6 |  7- 9 | 10-12 || total
-------------------------+-------+-------+-------+-------++-------
Melee: Hunting sling     |       |       |       |     1 ||     1
 Fire: Hunting sling     |     2 |    98 |   211 |    82 ||   393
 Cast: Magic Dart        |    39 |     5 |     4 |       ||    48
       Slow              |       |     1 |       |       ||     1
       Corpse Rot        |       |     1 |       |       ||     1
       Mephitic Cloud    |       |       |    22 |    10 ||    32
       Searing Ray       |       |       |     9 |     1 ||    10
       Conjure Flame     |       |       |       |     1 ||     1
Evoke: Wand              |       |       |     1 |     3 ||     4
  Use: Scroll            |       |     8 |       |     1 ||     9
       Potion            |       |       |       |     1 ||     1
Armor: Leather armour    |       |     6 |    24 |     3 ||    33
Dodge: Dodged            |     1 |    12 |    61 |    21 ||    95
